 Dungeon Crawl Stone Soup version 0.29.1-13-g9f3cf754e1 (webtiles) character file.

Game seed: 12521030584547830140

7825 nightchill the Zephyrmancer (level 11, -1/64 HPs)
             Began as a Tengu Air Elementalist on Feb 7, 2023.
             Was a Priest of Kikubaaqudgha.
             Killed from afar by an acid dragon (28 damage)
             ... with a splash of acid
             ... on level 10 of the Dungeon.
             The game lasted 00:43:09 (12367 turns).

nightchill the Zephyrmancer (TeAE)                 Turns: 12367, Time: 00:43:10

Health: -1/64      AC:  2    Str:  9    XL:     11   Next: 21%
Magic:  2/22       EV: 14    Int: 19    God:    Kikubaaqudgha [***...]
Gold:   614        SH:  0    Dex: 15    Spells: 11/23 levels left

rFire   + . .      SeeInvis .   a - +0 short sword (elec)
rCold   . . .      Faith    .   (no shield)
rNeg    . . .      Spirit   .   z - +0 troll leather armour {Pargi}
rPois   +          Reflect  .   (helmet restricted)
rElec   .          Harm     .   H - +0 cloak
rCorr   .          Rampage  .   A - +0 pair of gloves
Will    .....                   (boots unavailable)
Stlth   ++........              (no amulet)
HPRegen 1.00/turn               W - ring of poison resistance
MPRegen 0.18/turn               r - ring of protection from fire

@: corroded, flying quickly and evasively, very slightly contaminated, quick
A: beak, talons 3, nimble flight
a: Renounce Religion, Unearth Wretches


You were on level 10 of the Dungeon.
You worshipped Kikubaaqudgha.
Kikubaaqudgha was most pleased with you.
You visited 2 branches of the dungeon, and saw 11 of its levels.
You also visited: Sewer and Ossuary.

You collected 614 gold pieces.

Inventory:

Hand Weapons
 a - a +0 short sword of electrocution (weapon)
 b - a +1 whip of holy wrath
 w - a +0 sling
Missiles
 q - 3 throwing nets
 R - a curare-tipped dart
Armour
 e - a +0 robe
 z - a +0 troll leather armour (worn) {Pargi}
 A - a +0 pair of gloves (worn)
 H - a +0 cloak (worn)
Jewellery
 h - a +6 ring of strength
 r - a ring of protection from fire (right hand)
 y - a ring of ice
 K - a +4 ring of protection
 W - a ring of poison resistance (left hand)
Wands
 p - a wand of flame (12)
 E - a wand of mindburst (10)
 G - a wand of polymorph (5)
 L - a wand of digging (3)
 N - a wand of charming (8)
Scrolls
 c - a scroll of magic mapping
 f - a scroll of enchant weapon {unknown}
 g - 3 scrolls of fear
 i - a scroll of poison
 k - 2 scrolls of fog
 n - 3 scrolls of teleportation
 s - a scroll of enchant armour {unknown}
 v - a scroll of brand weapon {unknown}
 C - a scroll of summoning
 I - a scroll of vulnerability {unknown}
 M - a scroll of amnesia
 Q - a scroll of blinking {unknown}
 S - a scroll of immolation
 T - a scroll of silence {unknown}
 U - a scroll of noise {unknown}
Potions
 d - 2 potions of invisibility
 j - 2 potions of ambrosia
 l - 6 potions of brilliance
 m - 6 potions of curing
 o - 2 potions of magic
 t - a potion of berserk rage
 u - 7 potions of heal wounds
 x - 2 potions of mutation
 B - 4 potions of might
 D - a potion of resistance
 F - a potion of cancellation
 J - 2 potions of attraction
 O - a potion of flight
 P - a potion of lignification {unknown}
 V - a potion of haste {unknown}


   Skills:
 + Level 6.1 Fighting
 - Level 0.9 Short Blades
 - Level 2.1 Dodging
 - Level 2.0 Stealth
 + Level 6.8 Spellcasting
 - Level 10.0 Conjurations
 * Level 6.8 Ice Magic
 * Level 12.4 Air Magic
 - Level 1.0 Evocations


You had 11 spell levels left.
You knew the following spells:

 Your Spells              Type           Power      Damage    Failure   Level
a - Shock                 Conj/Air       100%       1d9       1%          1
b - Static Discharge      Conj/Air       49%        3-10/arc  1%          2
c - Airstrike             Air            26%        2d(4-20)  1%          4
d - Freezing Cloud        Conj/Ice/Air   21%        6-21      8%          5

Your spell library contained the following spells:

 Spells                   Type           Power      Damage    Failure   Level
 Magic Dart               Conj           100%       1d8       1%          1
 Poisonous Vapours        Pois/Air       60%        N/A       1%          2
 Searing Ray              Conj           88%        2d7       1%          2
 Mephitic Cloud           Conj/Pois/Air  34%        N/A       1%          3
 Swiftness                Air            52%        N/A       1%          3
 Necrotise                Necr           24%        1d5       14%         1
 Sting                    Tmut/Pois      24%        1d4       14%         1
 Fulminant Prism          Conj/Hex       12%        3d9       19%         4
 Blink                    Tloc           12%        N/A       22%         2
 Call Imp                 Summ           6%         N/A       22%         2
 Sublimation of Blood     Necr           6%         N/A       22%         2
 Confusing Touch          Hex            6%         N/A       41%         3
 Ignite Poison            Fire/Tmut/Pois 6%         N/A       41%         3
 Lesser Beckoning         Tloc           6%         N/A       41%         3
 Portal Projectile        Hex/Tloc       12%        N/A       41%         3
 Tukima's Dance           Hex            6%         N/A       41%         3
 Vampiric Draining        Necr           6%         2d6       41%         3
 Animate Dead             Necr           6%         N/A       82%         4
 Dispel Undead            Necr           6%         3d8       82%         4
 Olgreb's Toxic Radiance  Pois           6%         N/A       82%         4
 Agony                    Necr           6%         N/A       99%         5
 Blade Hands              Tmut           3%         N/A       99%         5
 Borgnjor's Vile Clutch   Necr/Erth      3%         N/A       99%         5
 Manifold Assault         Tloc           6%         N/A       99%         5
 Summon Forest            Summ/Tloc      3%         N/A       99%         5
 Summon Mana Viper        Hex/Summ       6%         N/A       99%         5
 Yara's Violent Unravell  Hex/Tmut       3%         3d4       99%         5
 Simulacrum               Ice/Necr       9%         N/A       99%         6
 Death Channel            Necr           3%         N/A       100%        6
 Summon Cactus Giant      Summ           3%         N/A       100%        6
 Enfeeble                 Hex            3%         N/A       100%        7


Dungeon Overview and Level Annotations

Branches:
Dungeon (10/15)            Temple (1/1) D:6           Sewer (visited)
Ossuary (visited)
   Lair: D:8-11         Orc: D:9-12

Altars:
Cheibriados
Dithmenos
Elyvilon
Fedhas
Gozag
Hepliaklqana
Kikubaaqudgha
Makhleb
Nemelex Xobeh
Okawaru
Qazlal
Ru
Sif Muna
Trog
Uskayaw
Vehumet
Wu Jian
Xom
Yredelemnul
Zin
The Shining One

Shops:
D:4 *[   D:9 ?*

Annotations:
D:1 1 transporter
D:3 exclusions: Sigmund and downstairs
D:7 exclusions: downstairs and 1 more exclusion
D:8 2 runed translucent doors, exclusion: orange crystal statue


Innate Abilities, Weirdness & Mutations

You have a beak for a mouth.
You have claws for feet.
Your magical nature lets you fly swiftly and evasively.


Message History

The orc warrior is lightly wounded.
The acid dragon roars!
The acid dragon spits acid at you. The splash of acid hits you!
Casting: Airstrike (dangerous; 1% risk of failure)
Confirm with . or Enter, or press ? or * to list all spells.
Aiming: Airstrike (dangerous; 1% risk of failure)
Press: ? - help, Dir - move target, f/p - orc warrior
Aim: an orc warrior, wielding a +1 trident of venom, wearing a +0 chain mail and quivering boomerangs (lightly wounded, empty space bonus: 6/8)
The air twists around and strikes the orc warrior!
The orc warrior is severely wounded.
The orc warrior throws a boomerang.
The boomerang barely misses you.
Casting: Airstrike (dangerous; 1% risk of failure)
Confirm with . or Enter, or press ? or * to list all spells.
Aiming: Airstrike (dangerous; 1% risk of failure)
Press: ? - help, Dir - move target, f/p - orc warrior
Aim: an orc warrior, wielding a +1 trident of venom, wearing a +0 chain mail and quivering boomerangs (severely wounded, empty space bonus: 6/8)
The air twists around and strikes the orc warrior!
The orc warrior is almost dead.
An orc wizard comes into view. It is wielding a +0 dagger.
Casting: Airstrike (dangerous; 1% risk of failure)
Confirm with . or Enter, or press ? or * to list all spells.
Aiming: Freezing Cloud (dangerous; 8% risk of failure)
Press: ? - help, Dir - move target, p - orc warrior That beam is likely to hit you.
Continue anyway?
You miscast Freezing Cloud.
You are very lightly contaminated with residual magic.
Nothing appears to happen.
The orc wizard points at you and mumbles some strange words.
The puff of flame hits you. You resist. The acid dragon spits acid at you.
The splash of acid hits you!
* * * LOW HITPOINT WARNING * * *
The acid corrodes you!
The orc warrior throws a boomerang.
The boomerang hits you.
* * * LOW HITPOINT WARNING * * *
The acid dragon spits acid at you. The splash of acid hits you!!
You die...
Kikubaaqudgha rasps: "You have failed me!
Welcome... death!"

#.). .. #...o .D #....##
. .......#.
#..o.D##############
#............##....#
#......## #.##....#
#.......## #.##....#
######.@.# #.##....#
#######.#.###.##....#
...........>).......#
####.##.#<#.#.......####
#.##.#.#.#.......'..#
#....#.#.##.#....##.#
######.#.#........#.#
..#.#..####..#.#
###.#..#.....#.#


You could see an orc warrior, an acid dragon (catching breath) and an orc
wizard.

Vanquished Creatures
  2 two-headed ogres
  A manticore (D:8)
  A hornet (D:8)
  2 slime creatures (D:8)
  Sigmund (D:3)
  2 shadows (D:9)
  A steam dragon (D:8)
  10 yaks (D:9)
  2 acid dragons
  A water moccasin (D:6)
  An ice beast (D:8)
  4 sky beasts
  3 black bears
  Pargi (Sewer)
  A centaur (D:9)
  2 phantoms
  4 kobold brigands
  A gnoll sergeant (D:9)
  A bullfrog (D:8)
  4 necrophages
  A scorpion (D:5)
  3 water moccasin zombies (Ossuary)
  3 wights (D:6)
  7 killer bees (D:9)
  A howler monkey (D:9)
  An electric eel (D:9)
  3 iron imps (D:4)
  A hound (D:5)
  3 orc priests
  5 jellies (D:8)
  4 iguanas
  3 orc wizards
  3 mummies
  6 gnolls
  A river rat (D:5)
  9 adders
  A shadow imp (D:8)
  5 white imps
  An ufetubus (D:7)
  5 adder zombies (Ossuary)
  4 worms
  6 dart slugs
  5 orcs
  3 bats
  4 endoplasms
  3 giant cockroaches
  3 hobgoblins
  2 jackals (D:1)
  2 quokkas (D:4)
  9 ball pythons
  2 frilled lizards
  7 gnoll zombies (Ossuary)
  9 goblins
  4 hobgoblin zombies (Ossuary)
  17 kobolds
  5 kobold zombies
  2 orc zombies
  9 rats
207 creatures vanquished.

Vanquished Creatures (others)
  A human (D:5)
  A fungus (D:8)
  8 toadstools (D:8)
10 creatures vanquished.

Grand Total: 217 creatures vanquished

Notes
Turn   | Place    | Note
-------+----------+-------------------------------------------
     0 | D:1      | nightchill the Tengu Air Elementalist began the quest for
                  | the Orb.
     0 | D:1      | Reached XP level 1. HP: 10/10 MP: 4/4
   438 | D:1      | Reached XP level 2. HP: 15/15 MP: 3/6
   869 | D:1      | Reached skill level 5 in Air Magic
   872 | D:1      | Learned a level 2 spell: Static Discharge
  1153 | D:2      | Reached XP level 3. HP: 17/19 MP: 0/7
  1917 | D:2      | Reached XP level 4. HP: 24/24 MP: 5/9
  1985 | D:2      | Found Larr's Weapon Boutique.
  2527 | D:3      | Learned a level 4 spell: Airstrike
  2542 | D:3      | Reached skill level 6 in Air Magic
  2548 | D:3      | Gained mutation: Your magical nature lets you fly swiftly
                  | and evasively. [Tengu growth]
  2548 | D:3      | Reached XP level 5. HP: 25/28 MP: 0/10
  2835 | D:3      | Noticed Sigmund
  3004 | D:3      | Found a faded altar of an unknown god.
  3233 | D:3      | Killed Sigmund
  3234 | D:3      | Reached skill level 7 in Air Magic
  3234 | D:3      | Reached XP level 6. HP: 32/32 MP: 2/12
  3572 | D:4      | Found a sacrificial altar of Ru.
  3619 | D:4      | Reached skill level 8 in Air Magic
  4030 | D:4      | Found Bathib Xeda's Antique Armour Boutique.
  4064 | D:4      | Found Estadd's Assorted Antiques.
  4351 | D:4      | Found a sparkling altar of Nemelex Xobeh.
  4448 | D:4      | Found a burning altar of Makhleb.
  4451 | D:4      | Reached skill level 1 in Fighting
  4559 | D:4      | Reached XP level 7. HP: 26/38 MP: 1/14
  4820 | D:4      | Found a snail-covered altar of Cheibriados.
  4885 | D:5      | Entered Level 5 of the Dungeon
  5154 | D:5      | Found an ancient bone altar of Kikubaaqudgha.
  5155 | D:5      | Noticed a human
  5160 | D:5      | Killed a human
  5403 | D:5      | Found a glowing drain.
  5418 | Sewer    | Entered a sewer
  5543 | Sewer    | Noticed Pargi
  5549 | Sewer    | Killed Pargi
  5550 | Sewer    | Reached skill level 9 in Air Magic
  5926 | D:5      | Reached XP level 8. HP: 45/45 MP: 10/15
  6322 | D:6      | Found an iron altar of Okawaru.
  6417 | D:6      | Reached skill level 5 in Conjurations
  6487 | D:6      | Reached skill level 1 in Evocations
  6566 | D:5      | Became a worshipper of Kikubaaqudgha
  6583 | D:5      | Learned a level 5 spell: Freezing Cloud
  6641 | D:6      | Reached skill level 10 in Air Magic
  6700 | D:6      | Reached skill level 1 in Ice Magic
  6832 | D:6      | Found a staircase to the Ecumenical Temple.
  6885 | Temple   | Entered the Ecumenical Temple
  7023 | D:6      | Reached skill level 5 in Spellcasting
  7023 | D:6      | Reached XP level 9. HP: 51/51 MP: 8/17
  7111 | D:6      | Found a shadowy altar of Dithmenos.
  7784 | D:7      | Found a sand-covered staircase.
  7814 | Ossuary  | Entered an ossuary
  7875 | Ossuary  | Reached * piety under Kikubaaqudgha
  7875 | Ossuary  | Received a gift from Kikubaaqudgha
  8280 | D:7      | Found a basalt altar of Yredelemnul.
  8429 | D:7      | HP: 1/52 [acid dragon/splash of acid (31)]
  8592 | D:7      | Found a stormy altar of Qazlal.
  8932 | D:7      | Reached skill level 11 in Air Magic
  8976 | D:7      | Found a hazy altar of Hepliaklqana.
  9334 | D:8      | Reached ** piety under Kikubaaqudgha
  9539 | D:8      | Found a runed translucent door.
  9601 | D:8      | Noticed a hornet
  9604 | D:8      | Killed a hornet
  9605 | D:8      | Reached XP level 10. HP: 58/58 MP: 6/19
  9838 | D:8      | Found a runed translucent door.
  9842 | D:8      | Noticed an orange crystal statue
  9842 | D:8      | Found the +10 tower shield of Ignorance {rN+ Int-4}
 10170 | D:8      | Noticed a manticore
 10173 | D:8      | Killed a manticore
 10175 | D:8      | Reached skill level 5 in Fighting
 10175 | D:8      | Reached skill level 5 in Ice Magic
 10835 | D:9      | Noticed a two-headed ogre
 10877 | D:8      | Killed a two-headed ogre
 11005 | D:9      | Found Gongial's General Store.
 11139 | D:9      | Found a shimmering altar of Xom.
 11310 | D:9      | Found a hide-covered altar of Uskayaw.
 11316 | D:9      | Found a glowing golden altar of the Shining One.
 11436 | D:9      | Identified the +0 leather armour of the Cockatrice {Regen+}
 11869 | D:9      | Reached XP level 11. HP: 64/64 MP: 9/21
 11870 | D:9      | Reached skill level 12 in Air Magic
 11980 | D:9      | Found a shimmering blue altar of Sif Muna.
 11988 | D:9      | Reached skill level 10 in Conjurations
 12059 | D:9      | Found Quavo's Magic Scroll Shop.
 12081 | D:9      | Found an opulent altar of Gozag.
 12174 | D:10     | Entered Level 10 of the Dungeon
 12200 | D:10     | Noticed a two-headed ogre
 12201 | D:10     | Reached *** piety under Kikubaaqudgha
 12201 | D:10     | Received a gift from Kikubaaqudgha
 12203 | D:10     | Killed a two-headed ogre
 12367 | D:10     | Killed from afar by an acid dragon

Illustrated notes

Levels and vault maps discovered:
D:1:      spicycebolla_arrival_risky_transporter, layout_rooms,
          corexii_corridor_pit
D:2:      layout_basic, serial_shops, shop
D:3:      layout_loops_ring, dreamdust_ecumenical_altar_angels_and_demons,
          minmay_diced_spiral, uniq_sigmund
D:4:      layout_rooms, nemelex_diamond_rough_becter, overflow_temple_1_default,
          demons_altar, kennysheep_little_box, serial_shops, shop,
          kennysheep_nub, nicolae_stop_n_shop_2
D:5:      nicolae_cairo_tiling, layout_basic, tgw_kikubaaqudgha,
          portal_sewer_entry_a
D:6:      layout_cave_pools, nicolae_dithmenos_through_a_glass_darkly,
          okawaru_trees_2, minmay_temple_entry_wispy, kennysheep_generic_room_7
D:7:      layout_basic, yredelemnul_altar_generic, mainiacjoe_overflow_alcove_2,
          nicolae_hepliaklqana_hippocampus, nicolae_ossuary_entry_giza
D:8:      cheibrodos_fertilizer, layout_gridville, small_chamber_with_monster,
          chequers_guarded_unrand_ignorance
D:9:      layout_basic, eat_drink_and_be_merry_uskayaw, led_sif_book,
          amcnicky_altar_gilded, minitemple, serial_shops, shop,
          nicolae_lakefront_shop, minmay_misc_feat_roman
D:10:     layout_basic, nicolae_ashenzari_panopticon, feat_on_display,
          uniq_gastronok
Temple:   hellmonk_temple_micro_hex

Skill      XL: |  1  2  3  4  5  6  7  8  9 10 11 |
---------------+----------------------------------+-----
Air Magic      | 5 6 7 8 9 10 11 12 | 12.4
Spellcasting   | 3 4 5 6 |  6.8
Fighting       | 1 2 3 4 5 6 |  6.1
Conjurations   | 4 6 8 9 10 | 10.0
Evocations     | 1 |  1.0
Ice Magic      | 1 4 6 |  6.8
Short Blades   | |  0.9
Dodging        | |  2.1
Stealth        | |  2.0

Action                   |  1- 3 |  4- 6 |  7- 9 | 10-12 || total
-------------------------+-------+-------+-------+-------++-------
Melee: Dagger            |    20 |    11 |       |       ||    31
       Kick              |     5 |     5 |    38 |     8 ||    56
       Peck              |     3 |     6 |    23 |     6 ||    38
       Short sword       |       |     9 |   127 |    22 ||   158
       Punch             |       |       |     1 |       ||     1
 Fire: Sling             |       |       |    21 |    35 ||    56
 Cast: Shock             |    66 |    85 |    45 |       ||   196
       Static Discharge  |     3 |     2 |    12 |     7 ||    24
       Airstrike         |       |     8 |    59 |    33 ||   100
       Freezing Cloud    |       |       |     3 |    11 ||    14
Evoke: Wand              |       |       |       |     1 ||     1
  Use: Scroll            |       |     6 |     8 |     7 ||    21
 Stab: Sleeping          |     2 |       |     6 |       ||     8
Armor: Robe              |     5 |     6 |     2 |       ||    13
       Troll leather arm |       |       |    30 |     5 ||    35
Dodge: Dodged            |    12 |    12 |    91 |    26 ||   141
